 Dungeon Crawl Stone Soup version 0.22-a0-570-g58866f5d57 (webtiles) character file.

634 Pelesz the Gusty (level 7, 0/50 HPs)
             Began as a Yellow Draconian Air Elementalist on June 30, 2018.
             Slain by an orc warrior
             ... wielding a +0 war axe
              (5 damage)
             ... on level 5 of the Dungeon.
             The game lasted 00:37:04 (5955 turns).

Pelesz the Gusty (DrAE)                             Turns: 5955, Time: 00:37:09

Health: 0/50       AC:  7    Str: 11    XL:     7   Next: 24%
Magic:  13/13      EV: 12    Int: 17    God:
Gold:   143        SH:  0    Dex: 11    Spells: 4/14 levels left

rFire    . . .     SeeInvis .   e - +2 dagger (speed)
rCold    . . .     Gourm    .   (no shield)
rNeg     . . .     Faith    .   (armour unavailable)
rPois    .         Spirit   .   (helmet restricted)
rElec    .         Reflect  .   d - +0 cloak
rCorr    +         Harm     .   (no gloves)
MR       .....                  (no boots)
Stlth    ++........             (no amulet)
HPRegen  0.16/turn              (no ring)
MPRegen  0.13/turn              (no ring)

@: sluggish, very slow
A: spit acid, acid resistance, unfitting armour, cold-blooded, AC +6
a: Breathe Acid


You were on level 5 of the Dungeon.
You were very hungry.

You visited 1 branch of the dungeon, and saw 5 of its levels.

You collected 143 gold pieces.

Inventory:

Hand Weapons
 e - a +2 dagger of speed (weapon)
Missiles
 c - 27 poisoned needles
 f - 67 sling bullets
 g - 161 stones (quivered)
 o - 5 needles of sleeping
Armour
 d - a +0 cloak (worn)
Wands
 q - a wand of scattershot (5)
Scrolls
 h - 2 scrolls of noise
 i - a scroll of fear
 j - 3 scrolls of remove curse
 k - a scroll of enchant weapon
 n - a scroll of teleportation
Potions
 a - a potion of brilliance
 l - a potion of haste
Comestibles
 b - 4 rations


   Skills:
 - Level 2.1 Dodging
 - Level 2.0 Stealth
 + Level 4.0 Spellcasting
 - Level 4.3 Conjurations
 * Level 5.8 Air Magic


You had 4 spell levels left.
You knew the following spells:

 Your Spells              Type           Power        Failure   Level  Hunger
a - Shock                 Conj/Air       ###.         1%          1    None
b - Static Discharge      Conj/Air       ###.....     6%          3    ###....
c - Swiftness             Chrm/Air       ##......     7%          2    ##.....
d - Airstrike             Air            ###.......   14%         4    ####...

Your spell library contained the following spells:

 Spells                   Type           Power        Failure   Level  Hunger
 Lightning Bolt           Conj/Air       ###.......   47%         5    ######.


Dungeon Overview and Level Annotations

Branches:
Dungeon (5/15)
 Temple: D:4-7

Altars:
Trog
Wu Jian
Xom

Annotations:
D:4 exclusion: door, Grinder, Menkaure, Sigmund


Innate Abilities, Weirdness & Mutations

You can spit globs of acid.
You are resistant to acid.
Your golden yellow scales are hard. (AC +6)
You cannot fit into any form of body armour.
You are cold-blooded and may be slowed by cold attacks.


Message History

The orc wizard flickers and vanishes!
Deactivating autopickup; reactivate with Ctrl-A.
A puff of flame appears from out of thin air!
The puff of flame hits you!
* * * LOW HITPOINT WARNING * * *
The orc warrior shouts!
You feel sluggish.
You are feeling very hungry.
The orc warrior hits you with a war axe!
* * * LOW HITPOINT WARNING * * *
You hear some strange, mumbled words.
It was a potion of curing.
You feel better. The leopard gecko misses you.
Your magical contamination has completely faded away.
It was a potion of magic.
Magic courses through your body.
A puff of flame appears from out of thin air!
The puff of flame hits you!
* * * LOW HITPOINT WARNING * * *
The leopard gecko bites you but does no damage.
The orc warrior hits you with a war axe.
You die...

..#####+## . #....# #..
..'......##+#####.!
#....# #..
..#................
#....# #Y.
..#................
#....# #§o
..#..##..#.........
#....# #..
..########..#####.
#....# #.. ..# #......#
#....+ #.. ..#
#......######....# #..
..#
#......@.........#####..
..#
#......ol........'...#..
..#
#................#...#..
..#
#..[.............#'###..
..#
###+###......#####o..#..
..# ###'####..'....'..
..# #...o.....#....#..
..# #.........##...#..
..# ##.†..##..##...#..


You could see an orc warrior, an orc (wandering) and a leopard gecko.

Vanquished Creatures
  3 ogres
  3 orc wizards
  A bullfrog skeleton (D:4)
  An iguana (D:5)
  A worker ant (D:5)
  3 gnolls
  7 adders
  A shadow imp (D:5)
  2 worms
  3 dart slugs (D:2)
  5 leopard geckos
  14 orcs
  5 giant cockroaches
  6 goblins
  7 hobgoblins
  6 jackals
  3 quokkas (D:2)
  11 bats
  5 frilled lizards
  9 kobolds
  6 rats
102 creatures vanquished.

Notes
Turn   | Place    | Note
-------+----------+-------------------------------------------
     0 | D:1      | Pelesz the Draconian Air Elementalist began the quest for the Orb.
     0 | D:1      | Reached XP level 1. HP: 14/14 MP: 3/3
   218 | D:1      | Reached XP level 2. HP: 20/20 MP: 0/5
  1365 | D:2      | Reached XP level 3. HP: 26/26 MP: 3/6
  2309 | D:3      | Found an ornate altar of the Wu Jian Council.
  2454 | D:3      | Reached XP level 4. HP: 33/33 MP: 1/8
  3103 | D:3      | Reached skill level 4 in Air Magic
  3271 | D:3      | Reached XP level 5. HP: 38/38 MP: 0/9
  3598 | D:3      | Found a shimmering altar of Xom.
  3654 | D:3      | Found an ancient bone altar of Kikubaaqudgha.
  3654 | D:3      | Found a hide-covered altar of Uskayaw.
  3665 | D:3      | Found a snail-covered altar of Cheibriados.
  3665 | D:3      | Found a shadowy altar of Dithmenos.
  3665 | D:3      | Found a deep blue altar of Sif Muna.
  3804 | D:3      | Found a bloodstained altar of Trog.
  4062 | D:4      | Noticed an ogre
  4105 | D:4      | Noticed Menkaure
  4228 | D:4      | Noticed Sigmund
  4274 | D:3      | Killed an ogre
  4274 | D:3      | Reached XP level 6. HP: 45/45 MP: 5/11
  4376 | D:3      | Reached skill level 5 in Air Magic
  4972 | D:4      | Noticed Grinder
  5066 | D:5      | Entered Level 5 of the Dungeon
  5228 | D:5      | Your scales start taking on a golden yellow colour.
  5228 | D:5      | Reached XP level 7. HP: 31/50 MP: 7/12
  5346 | D:5      | Learned a level 3 spell: Static Discharge
  5349 | D:5      | Learned a level 2 spell: Swiftness
  5354 | D:5      | Learned a level 4 spell: Airstrike
  5955 | D:5      | Slain by an orc warrior

Vault maps used:
D:1:      enne_arrival_octagon_isle, serial_bayou_lake_a
D:2:      minivault_4
D:3:      lemuel_coloured_pillars_altar, lemuel_crystal_altar,
          doesnt_xom_only_xom
D:4:      first_ration, minmay_close_crescents, uniq_sigmund, uniq_grinder,
          uniq_pikel, uniq_menkaure

Skill      XL: |  1  2  3  4  5  6  7 |
---------------+----------------------+-----
Dodging        | 2 |  2.1
Stealth        | 2 |  2.0
Conjurations   | 2 3 4 |  4.3
Spellcasting   | 3 4 |  4.0
Air Magic      | 4 5 |  5.8

Action                   |  1- 3 |  4- 6 |  7- 9 || total
-------------------------+-------+-------+-------++-------
Melee: Unarmed           |     2 |       |       ||     2
       Dagger            |       |     1 |     1 ||     2
Throw: Stone             |     1 |       |     5 ||     6
 Cast: Shock             |   100 |   147 |    29 ||   276
       Swiftness         |       |       |     1 ||     1
       Airstrike         |       |       |     1 ||     1
 Abil: Breathe Acid      |       |       |     1 ||     1
  Use: Scroll            |       |     8 |     1 ||     9
       Potion            |       |       |     2 ||     2
  Eat: Chunk             |     4 |     2 |       ||     6
       Ration            |     1 |     2 |       ||     3
Armor: Skin              |    15 |     8 |     3 ||    26
Dodge: Dodged            |    42 |    28 |     4 ||    74

Table legend:
 A = Spawn XP
 B = Non-spawn XP
 C = Spawn XP percentage of total XP
 D = Spawn monster count
 E = Non-spawn monster count
 F = Spawn count percentage of total count
 G = Total turns spent on level
                    A         B        C        D         E        F      G
               +---------+---------+-------+---------+---------+-------+---------
         Total |       0 |     906 |   0.0 |       0 |     102 |   0.0 |  5955
               +---------+---------+-------+---------+---------+-------+---------
           D:1 |       0 |      28 |   0.0 |       0 |      17 |   0.0 |  1117
           D:2 |       0 |      68 |   0.0 |       0 |      23 |   0.0 |  1532
           D:3 |       0 |     429 |   0.0 |       0 |      36 |   0.0 |  1750
           D:4 |       0 |     116 |   0.0 |       0 |      14 |   0.0 |   774
           D:5 |       0 |     265 |   0.0 |       0 |      12 |   0.0 |   782
               +---------+---------+-------+---------+---------+-------+---------
